[Event "4th EFE Metz Festival-WIM"]
[Site "Metz"]
[Date "2018.07.23"]
[Round "1"]
[White "Zozulia, Anna"]
[Black "Afraoui, Anaelle"]
[Result "1-0"]
[ECO "B30"]
[WhiteElo "2300"]
[BlackElo "2056"]
[Annotator "NA"]
[PlyCount "45"]
[EventDate "2018.07.22"]
[EventType "tourn"]
[EventCountry "FRA"]
[SourceTitle "playchess.com"]
[Source "ChessBase"]
[SourceQuality "1"]
[TimeControl "5400+30"]

1. e4 c5 2. Nf3 Nc6 3. Nc3 Nf6 4. Bb5 Qc7 5. O-O Nd4 6. Bc4 e6 $14 7. h3 Be7 8. d3 a6 9. a4 O-O 10. Be3 Nc6 11. Qd2 Rd8 12. Bf4 d6 13. Rae1 e5 14. Bh2 h6 15. Nh4 Nd4 16. f4 Rf8 17. fxe5 dxe5 18. Ng6 b5 19. Bxe5 Qd8 20. Nxe7+ Qxe7 21. Bxf6 gxf6 22. Nd5 Qe5 23. Qxh6 1-0

[Event "4th EFE Metz Festival-WIM"]
[Site "Metz"]
[Date "2018.07.23"]
[Round "1"]
[White "Moskalets, Svetlana"]
[Black "Soubirou, Oriane"]
[Result "1-0"]
[ECO "C00"]
[WhiteElo "2208"]
[BlackElo "2105"]
[Annotator "NA"]
[PlyCount "87"]
[EventDate "2018.07.22"]
[EventType "tourn"]
[EventCountry "FRA"]
[SourceTitle "playchess.com"]
[Source "ChessBase"]
[SourceQuality "1"]
[TimeControl "5400+30"]

1. e4 a6 2. d4 e6 3. Bd3 b5 4. Nf3 Bb7 5. a4 b4 6. Nbd2 c5 7. dxc5 Bxc5 8. Nb3 Be7 9. O-O Qc7 10. Qe2 Nc6 11. Be3 Nf6 12. Nc5 Ng4 13. Nxb7 Nxe3 14. Qxe3 Qxb7 15. e5 Qc7 16. Rfe1 Qa5 17. Rad1 Rd8 18. Nd2 O-O 19. Nb3 Qc7 20. Bxa6 f6 21. exf6 Rxf6 22. Bb5 Na5 23. Rxd7 Rxd7 24. Bxd7 Qxd7 25. Nxa5 Qxa4 26. Nb3 Qc6 27. Re2 Qd5 28. Qe4 Qh5 29. Rd2 Rh6 30. h3 Rg6 31. Rd7 Bf8 32. Rd8 Qg5 33. Re8 Kf7 34. Rc8 h6 35. g3 Qh5 36. Kg2 Rf6 37. Nd4 Qd1 38. Nf3 Bd6 39. Rd8 Ke7 40. Ra8 Kf7 41. Qb7+ Kg6 42. Ra7 Bf8 43. Qe4+ Rf5 44. Qxe6+ {[%emt 0:00:25] Qd4} 1-0

[Event "4th EFE Metz Festival-WIM"]
[Site "Metz"]
[Date "2018.07.23"]
[Round "1"]
[White "Thomas, Anysia"]
[Black "Terbe, Zsuzsanna"]
[Result "1/2-1/2"]
[ECO "E91"]
[WhiteElo "2156"]
[BlackElo "2178"]
[Annotator "NA"]
[PlyCount "63"]
[EventDate "2018.07.22"]
[EventType "tourn"]
[EventCountry "FRA"]
[SourceTitle "playchess.com"]
[Source "ChessBase"]
[SourceQuality "1"]
[TimeControl "5400+30"]

1. d4 Nf6 2. c4 g6 3. Nc3 Bg7 4. e4 d6 5. Nf3 O-O 6. Be2 Bg4 7. Be3 Nfd7 8. Nd2 Bxe2 9. Nxe2 c5 10. O-O cxd4 11. Bxd4 Nf6 12. Bc3 Nc6 13. Nf4 Rc8 14. Rc1 a6 15. Qe2 Re8 16. Nd5 e6 17. Nxf6+ Bxf6 18. Nf3 Bxc3 19. Rxc3 Qa5 20. Qd2 Red8 21. Ng5 Qe5 22. Rh3 h5 23. Nf3 Qg7 24. Rd1 Ne5 25. Nxe5 Qxe5 26. b3 Qxe4 27. Re1 Qf5 28. Rf3 Qg4 29. Rg3 Qf5 30. Rf3 Qg4 31. Rg3 Qf5 32. Rf3 1/2-1/2

[Event "4th EFE Metz Festival-WIM"]
[Site "Metz"]
[Date "2018.07.23"]
[Round "1"]
[White "Broly, Mathilde"]
[Black "Terbe, Julianna"]
[Result "1/2-1/2"]
[ECO "B31"]
[WhiteElo "2149"]
[BlackElo "2238"]
[Annotator "NA"]
[PlyCount "129"]
[EventDate "2018.07.22"]
[EventType "tourn"]
[EventCountry "FRA"]
[SourceTitle "playchess.com"]
[Source "ChessBase"]
[SourceQuality "1"]
[TimeControl "5400+30"]

1. e4 c5 2. Nf3 Nc6 3. Bb5 g6 4. Bxc6 bxc6 5. d3 Bg7 6. O-O d6 7. h3 Rb8 8. c3 e5 9. Nbd2 Ne7 10. Nc4 O-O 11. a3 f5 12. Re1 h6 13. b4 cxb4 14. axb4 Rb7 15. Be3 Be6 16. Na5 Rc7 17. exf5 gxf5 18. Bd2 Ng6 19. Qa4 Qd7 20. Qc2 f4 21. Kh2 Bf6 22. d4 Bf5 23. Qa2+ Kh8 24. dxe5 dxe5 25. Nb3 Qg7 26. g3 Bc8 27. Nc5 Rg8 28. Rg1 Re7 29. Rae1 e4 30. Nxe4 Rxe4 31. Rxe4 Qd7 32. g4 Qd3 33. Qf7 Qxe4 34. Qxf6+ Kh7 35. Nh4 Nxh4 36. Qxh4 Rg5 37. Re1 Qc4 38. f3 Qa2 39. Qf2 Rd5 40. Be3 Qxf2+ 41. Bxf2 Rd2 42. Kg2 Ba6 43. Re4 Rc2 44. Rxf4 Rxc3 45. Bxa7 h5 46. g5 Rc4 47. Rf6 h4 48. Bc5 Rc2+ 49. Kg1 Bb5 50. Rh6+ Kg7 51. Rxh4 Kg6 52. Rg4 Rc1+ 53. Kf2 Rc2+ 54. Kg3 Bf1 55. h4 Rg2+ 56. Kf4 Rc2 57. Rg1 Be2 58. Rh1 Kh5 59. Ke3 Bc4 60. Kf4 Bd5 61. Kg3 Rc3 62. Rf1 Rc4 63. Rh1 Rc3 64. Rf1 Rc4 65. Rh1 1/2-1/2

[Event "4th EFE Metz Festival-WIM"]
[Site "Metz"]
[Date "2018.07.23"]
[Round "1"]
[White "Muetsch, Annmarie"]
[Black "Schweitzer, Victoria"]
[Result "0-1"]
[ECO "B09"]
[WhiteElo "2146"]
[BlackElo "2097"]
[Annotator "NA"]
[PlyCount "144"]
[EventDate "2018.07.22"]
[EventType "tourn"]
[EventCountry "FRA"]
[SourceTitle "playchess.com"]
[Source "ChessBase"]
[SourceQuality "1"]
[TimeControl "5400+30"]

1. e4 d6 2. d4 Nf6 3. Nc3 g6 4. f4 Bg7 5. Nf3 O-O 6. Bd3 Nc6 7. O-O e5 8. fxe5 dxe5 9. d5 Nd4 10. Ne2 Nxf3+ 11. Rxf3 c6 12. c4 cxd5 13. cxd5 Bg4 14. Rf2 Qb6 15. h3 Bd7 16. Qb3 Qxb3 17. axb3 Rfc8 18. Be3 Ne8 19. Nc3 a6 20. b4 Bf8 21. Raf1 Nd6 22. Bc5 Be8 23. Rf6 Rd8 24. Nd1 Be7 25. R6f3 h5 26. Ne3 b5 27. g4 h4 28. Kh1 Bg5 29. Ng2 Rac8 30. Ra1 Nb7 31. Bf2 Rc1+ 32. Rxc1 Bxc1 33. Bxh4 Rc8 34. Rf2 g5 35. Bg3 Bf4 36. Kh2 Nd6 37. h4 f6 38. Bxf4 gxf4 39. h5 Bd7 40. Nh4 Nc4 41. Nf5 Bxf5 42. gxf5 Ne3 43. Rd2 Kf7 44. d6 Rd8 45. d7 Rxd7 46. Bc4+ Ke8 47. Rxd7 Kxd7 48. Be6+ Ke7 49. Bc8 Nc4 50. Bxa6 Nd6 51. Kg2 Kf7 52. Kf3 Kg7 53. Kg4 Kh6 54. Kh4 f3 55. Kg3 Kxh5 56. Kxf3 Kh4 57. Ke3 Kg3 58. Kd3 Kf4 59. Bxb5 Nxb5 60. Kc4 Nd6+ 61. Kd5 Nb5 62. Kc5 Nd4 63. b5 Nxb5 64. Kxb5 Kxe4 65. Kc6 Kd4 66. b4 e4 67. b5 e3 68. b6 e2 69. b7 e1=Q 70. b8=Q Qe4+ 71. Kd7 Qxf5+ 72. Kd8 Qd5+ 0-1

[Event "4th EFE Metz Festival-WIM"]
[Site "Metz"]
[Date "2018.07.24"]
[Round "2"]
[White "Terbe, Julianna"]
[Black "Thomas, Anysia"]
[Result "1/2-1/2"]
[ECO "B36"]
[WhiteElo "2238"]
[BlackElo "2156"]
[Annotator "NA"]
[PlyCount "108"]
[EventDate "2018.07.22"]
[EventType "tourn"]
[EventCountry "FRA"]
[SourceTitle "playchess.com"]
[Source "ChessBase"]
[SourceQuality "1"]
[TimeControl "5400+30"]

1. Nf3 c5 2. e4 g6 3. d4 cxd4 4. Nxd4 Nc6 5. c4 Nf6 6. Nc3 d6 7. Be2 Nxd4 8. Qxd4 Bg7 9. Be3 O-O 10. Qd2 Be6 11. O-O Qa5 12. Rac1 Rfc8 13. b3 a6 14. f3 b5 15. cxb5 {[%emt 0:07:23] B36: Sicilian: Maroczy Bind: Gurgenidze System} (15. Nd5 Qxd2 16. Bxd2 Nxd5 17. cxd5 Bd4+ 18. Kh1 Bd7 19. Rxc8+ Rxc8 20. Rc1 Rxc1+ 21. Bxc1 e6 22. dxe6 Bxe6 23. g4 d5 24. Bd3 dxe4 25. Bxe4 a5 26. Bc6 a4 27. Bxb5 axb3 28. axb3 Bxb3 29. Bc6 Kg7 30. Kg2 Be6 {½-½ (30) Kantor,G (2514)-Bakhmatsky,V (2404) Tarvisio 2017}) 15... axb5 16. Bd4 Qb4 $146 ({Predecessor:} 16... b4 17. Na4 Nd7 18. f4 Bxd4+ 19. Qxd4 Nf6 20. Bf3 Rxc1 21. Rxc1 Qa7 22. Qf2 Qxf2+ 23. Kxf2 {1-0 (58) Pacher,M (2363)-Motuz,K (2319) Frydek Mistek 2010}) 17. Rcd1 Rab8 18. Qd3 Nh5 19. Bxg7 Kxg7 20. Nxb5 Nf4 21. Qd4+ Qxd4+ 22. Nxd4 Nxe2+ 23. Nxe2 Rc2 24. Nd4 Rxa2 25. Rf2 Rxf2 (25... Bxb3 $17 26. Rb1 {[#]} Bc4 $1 ) 26. Kxf2 Bd7 27. Rb1 e5 28. Ne2 Rb4 29. Nc3 Be6 30. Nd5 Bxd5 $1 31. exd5 Kf8 32. Ra1 Rxb3 33. Ra8+ Ke7 34. Ra7+ $1 Ke8 35. Ra8+ $1 Ke7 36. Ra7+ $17 {Black should play} Kf6 $17 37. Ra6 Rd3 (37... Rb2+ 38. Kf1 Rd2 39. Rxd6+ Ke7) 38. Rxd6+ Ke7 39. Ra6 Rxd5 40. Ra7+ Rd7 41. Ra5 Ke6 42. Ra6+ Rd6 43. Ra7 Rd2+ 44. Kg3 h6 45. h4 Rd6 46. Ra8 h5 47. Re8+ Kf6 48. Ra8 Ke6 49. Re8+ Kf6 50. Ra8 Kf5 51. Ra4 Ke6 52. Ra8 Kf5 53. Ra4 Ke6 54. Ra8 Kf5 1/2-1/2

[Event "4th EFE Metz Festival-WIM"]
[Site "Metz"]
[Date "2018.07.24"]
[Round "2"]
[White "Soubirou, Oriane"]
[Black "Zozulia, Anna"]
[Result "0-1"]
[ECO "A00"]
[WhiteElo "2105"]
[BlackElo "2300"]
[Annotator "NA"]
[PlyCount "66"]
[EventDate "2018.07.22"]
[EventType "tourn"]
[EventCountry "FRA"]
[SourceTitle "playchess.com"]
[Source "ChessBase"]
[SourceQuality "1"]
[TimeControl "5400+30"]

1. e3 Nf6 2. b3 c5 3. Bb2 e6 4. f4 b6 5. Nf3 Bb7 6. Bd3 Nc6 7. a3 d6 8. O-O Be7 9. Ng5 h6 10. Bc4 d5 11. Bd3 hxg5 12. fxg5 Ne4 13. Bxg7 Rh7 14. Bf6 Bxf6 15. gxf6 Qd6 16. h3 O-O-O $19 17. Nc3 Nxc3 18. dxc3 Rxh3 19. Qg4 Rg3 20. Qh5 Rdg8 21. Rf2 Ne5 22. Be2 Rxe3 23. a4 d4 24. a5 Reg3 25. axb6 axb6 26. Ba6 Bxa6 27. Rxa6 Qd5 28. Qe2 d3 29. cxd3 Nxd3 30. Qa2 Nxf2 31. Ra8+ Kc7 32. Qa7+ Kd6 33. Qxb6+ Ke5 0-1

[Event "4th EFE Metz Festival-WIM"]
[Site "Metz"]
[Date "2018.07.24"]
[Round "2"]
[White "Schweitzer, Victoria"]
[Black "Terbe, Zsuzsanna"]
[Result "0-1"]
[ECO "B31"]
[WhiteElo "2097"]
[BlackElo "2178"]
[Annotator "NA"]
[PlyCount "110"]
[EventDate "2018.07.22"]
[EventType "tourn"]
[EventCountry "FRA"]
[SourceTitle "playchess.com"]
[Source "ChessBase"]
[SourceQuality "1"]
[TimeControl "5400+30"]

1. e4 c5 2. Nf3 Nc6 3. Bb5 g6 4. Bxc6 bxc6 5. d3 Bg7 6. O-O e5 7. Be3 d6 8. Nbd2 Ne7 9. Nc4 O-O 10. h3 f5 11. exf5 gxf5 12. Bg5 h6 13. Bh4 Be6 14. c3 Qd7 15. Bxe7 Qxe7 16. Qe2 Rad8 17. Rae1 Qf7 18. Nfd2 f4 19. Nf3 Rfe8 20. Ncd2 Kh8 21. c4 Rg8 22. Kh2 Bf6 23. Ng1 Qg6 24. Qf3 Bf5 25. Ne4 Be7 26. g4 fxg3+ 27. fxg3 Rdf8 28. Qe3 d5 29. Nf2 Bd6 30. Ng4 {[%emt 0:14:57] [#]} Bxg4 $17 ({Don't do} 30... Bxd3 31. Nxe5 Bxe5 32. Qxe5+ Qg7 33. Qxg7+ Kxg7 34. Re7+ Kg6 35. Re6+ Kh7 36. Rxf8 $17) (30... d4 $1 $19 {[%cal Rd4e3] is more deadly.} 31. Qxh6+ Qxh6 32. Nxh6 Bxd3 33. Nf7+ Kg7) 31. hxg4 Kh7 (31... Kg7 $17 32. Qe2 e4 33. dxe4 Rxf1 34. Qxf1 dxe4) 32. Kg2 Qxg4 33. Ne2 e4 34. dxe4 dxe4 35. Rd1 Be5 36. b3 h5 37. Rd7+ Qxd7 38. Qxe4+ Kh6 39. Rxf8 Rxf8 40. Qxe5 Qf5 41. Qe3+ Qg5 42. Qe4 Rf6 43. Qe8 Kg7 44. Qd7+ Rf7 45. Qxc6 h4 46. Qd5 Qe3 47. Ng1 Qxg3+ 48. Kh1 h3 49. Qd2 h2 50. Qxh2 Qxh2+ 51. Kxh2 Rf2+ 52. Kg3 Rxa2 53. Kf4 Rb2 54. Nf3 Rxb3 55. Ke4 Rxf3 0-1

[Event "4th EFE Metz Festival-WIM"]
[Site "Metz"]
[Date "2018.07.24"]
[Round "2"]
[White "Afraoui, Anaelle"]
[Black "Broly, Mathilde"]
[Result "0-1"]
[ECO "B06"]
[WhiteElo "2056"]
[BlackElo "2149"]
[Annotator "NA"]
[PlyCount "53"]
[EventDate "2018.07.22"]
[EventType "tourn"]
[EventCountry "FRA"]
[SourceTitle "playchess.com"]
[Source "ChessBase"]
[SourceQuality "1"]
[TimeControl "5400+30"]

1. e4 g6 2. d4 Bg7 3. Be3 d6 4. Qd2 a6 {[%emt 0:02:00] B06: Moderne Verteidigung} (4... c5 5. c3 Nf6 6. f3 cxd4 7. cxd4 Nc6 8. Bd3 O-O 9. Ne2 a6 10. O-O b5 11. Nbc3 Bb7 12. Rac1 Rc8 {1-0 (58) Shankland,S (2674)-Stefanova,A (2512) Caleta 2017}) 5. Bd3 Nd7 6. Nc3 c5 7. Nf3 b5 8. Rd1 cxd4 $146 ({Vorgänger:} 8... Bb7 9. dxc5 Nxc5 10. O-O Nxd3 11. cxd3 Nf6 12. Bh6 O-O 13. Bxg7 Kxg7 14. Ne2 Qb6 {½-½ (33) Siegel,W (1972)-Mehlhorn,U (2281) GER email 2009}) 9. Bxd4 Bxd4 10. Nxd4 Bb7 11. a4 bxa4 12. Nxa4 Ngf6 13. Qh6 Qa5+ 14. Nc3 Ng4 15. Qh4 Ndf6 16. O-O g5 17. Qg3 h5 18. Nf5 h4 19. Qf3 Qe5 20. Rfe1 Qxh2+ 21. Kf1 Ne5 $19 22. Nxd6+ Kf8 23. Qf5 Bc6 24. Nc4 Ng6 25. Qxg5 Nf4 26. f3 Rh5 27. Ra1 0-1

[Event "4th EFE Metz Festival-WIM"]
[Site "Metz"]
[Date "2018.07.24"]
[Round "3"]
[White "Zozulia, Anna"]
[Black "Muetsch, Annmarie"]
[Result "1/2-1/2"]
[ECO "C48"]
[WhiteElo "2300"]
[BlackElo "2146"]
[Annotator "NA"]
[PlyCount "122"]
[EventDate "2018.07.22"]
[EventType "tourn"]
[EventCountry "FRA"]
[SourceTitle "playchess.com"]
[Source "ChessBase"]
[SourceQuality "1"]
[TimeControl "5400+30"]

1. e4 e5 2. Nf3 Nc6 3. Nc3 Nf6 4. Bb5 Nd4 5. Bc4 Bc5 6. d3 d6 7. h3 c6 8. Nxd4 exd4 9. Ne2 d5 10. exd5 Nxd5 11. O-O O-O 12. Ng3 Be7 13. Qf3 Be6 14. Nh5 Kh8 15. Qg3 Bf6 16. Bd2 Rg8 17. Rfe1 c5 18. Re2 a6 19. Nf4 Nxf4 20. Bxf4 Bxc4 21. dxc4 Qb6 22. Qb3 Qxb3 23. axb3 Rge8 24. Rae1 Rxe2 25. Rxe2 h6 26. Bd6 Rc8 27. Kf1 Kh7 28. Ke1 Rc6 29. Bf8 b6 30. Kd2 h5 31. Kd3 Kg6 32. b4 cxb4 33. Bxb4 Kf5 34. Re4 h4 35. Bd2 g5 36. g4+ hxg3 37. fxg3 Rc8 38. h4 gxh4 39. gxh4 Rh8 40. Rf4+ Ke6 41. Be1 Rh5 42. Bf2 b5 43. cxb5 axb5 44. Bxd4 Bxh4 45. c4 bxc4+ 46. Kxc4 f5 47. b4 Bf6 48. b5 Bxd4 49. Rxd4 Rh8 50. b6 Ke5 51. b7 f4 52. Rd7 Ke4 53. Re7+ Kf3 54. Rc7 Rb8 55. Kd5 Ke3 56. Re7+ Kd3 57. Kc6 f3 58. Kc7 Rxb7+ 59. Kxb7 f2 60. Rf7 Ke2 61. Rxf2+ Kxf2 1/2-1/2

[Event "4th EFE Metz Festival-WIM"]
[Site "Metz"]
[Date "2018.07.24"]
[Round "3"]
[White "Moskalets, Svetlana"]
[Black "Schweitzer, Victoria"]
[Result "1/2-1/2"]
[ECO "B00"]
[WhiteElo "2208"]
[BlackElo "2097"]
[Annotator "NA"]
[PlyCount "75"]
[EventDate "2018.07.22"]
[EventType "tourn"]
[EventCountry "FRA"]
[SourceTitle "playchess.com"]
[Source "ChessBase"]
[SourceQuality "1"]
[TimeControl "5400+30"]

1. e4 b6 2. d4 Bb7 3. Bd3 e6 4. Nf3 g6 5. Nc3 Bg7 6. Bg5 Ne7 7. Qd2 h6 8. Bf4 d6 9. h4 Nd7 10. O-O-O Qc8 11. Kb1 Ba6 12. Rhe1 Bxd3 13. Qxd3 Qb7 14. Qd2 O-O-O 15. Qe2 a6 16. Bh2 Kb8 17. Qe3 b5 18. Nd2 Nb6 19. Ne2 Ka7 20. h5 g5 21. f4 g4 22. Bg3 Rde8 23. Bh4 Nc6 24. c3 d5 25. e5 Nc4 26. Nxc4 bxc4 27. f5 Rb8 28. Rd2 Rhe8 29. fxe6 fxe6 30. Nf4 Bf8 31. Ng6 Ba3 32. Ree2 Qb5 33. Rc2 Qa4 34. Kc1 Bf8 35. Kb1 Ba3 36. Kc1 Bf8 37. Kb1 Ba3 38. Kc1 1/2-1/2

[Event "4th EFE Metz Festival-WIM"]
[Site "Metz"]
[Date "2018.07.24"]
[Round "3"]
[White "Terbe, Zsuzsanna"]
[Black "Terbe, Julianna"]
[Result "1/2-1/2"]
[ECO "D14"]
[WhiteElo "2178"]
[BlackElo "2238"]
[Annotator "NA"]
[PlyCount "61"]
[EventDate "2018.07.22"]
[EventType "tourn"]
[EventCountry "FRA"]
[SourceTitle "playchess.com"]
[Source "ChessBase"]
[SourceQuality "1"]
[TimeControl "5400+30"]

1. d4 d5 2. c4 c6 3. cxd5 cxd5 4. Nc3 Nf6 5. Nf3 Nc6 6. Bf4 Bf5 7. e3 e6 8. Bd3 Bxd3 9. Qxd3 Bd6 10. Bxd6 Qxd6 11. O-O O-O 12. Rfc1 Rfc8 13. h3 h6 14. a3 a6 15. Rc2 Rc7 16. Rac1 Rac8 17. Ne2 Ne7 18. Rxc7 Rxc7 19. Rxc7 Qxc7 20. Qc3 Qxc3 21. Nxc3 Nc6 22. Kf1 Kf8 23. Ke2 Ke7 24. Kd3 Kd6 25. Nd2 Nd7 26. Nb3 Nb6 27. Nc5 Kc7 28. N3a4 Nxa4 29. Nxa4 Na5 30. Nc5 Nc4 31. Kc2 1/2-1/2

[Event "4th EFE Metz Festival-WIM"]
[Site "Metz"]
[Date "2018.07.24"]
[Round "3"]
[White "Thomas, Anysia"]
[Black "Afraoui, Anaelle"]
[Result "0-1"]
[ECO "E71"]
[WhiteElo "2156"]
[BlackElo "2056"]
[Annotator "NA"]
[PlyCount "76"]
[EventDate "2018.07.22"]
[EventType "tourn"]
[EventCountry "FRA"]
[SourceTitle "playchess.com"]
[Source "ChessBase"]
[SourceQuality "1"]
[TimeControl "5400+30"]

1. d4 Nf6 2. c4 g6 3. Nc3 Bg7 4. e4 d6 5. h3 O-O 6. Nf3 e5 7. dxe5 dxe5 8. Be3 Qe7 9. Be2 c6 10. O-O Na6 11. a3 Nc5 12. Qc2 Nh5 13. Rfd1 Nf4 14. Bf1 f5 15. b4 Nce6 16. exf5 gxf5 17. c5 Kh8 18. Rd6 e4 19. Ne1 Nd5 20. Nxd5 cxd5 21. Rd1 d4 22. Bc1 Bd7 23. Bc4 d3 24. Nxd3 Nd4 25. Qd2 exd3 26. Qxd3 Ba4 27. Rxd4 Bxd1 28. Qxd1 Rae8 29. Bf1 Bxd4 30. Qxd4+ Qg7 31. Bb2 Qxd4 32. Bxd4+ Kg8 33. Bc4+ Rf7 34. Kf1 Kf8 35. Bxf7 Kxf7 36. Be3 Re4 37. Ke2 f4 38. Kd3 fxe3 0-1

[Event "4th EFE Metz Festival-WIM"]
[Site "Metz"]
[Date "2018.07.24"]
[Round "3"]
[White "Broly, Mathilde"]
[Black "Soubirou, Oriane"]
[Result "1-0"]
[ECO "C00"]
[WhiteElo "2149"]
[BlackElo "2105"]
[Annotator "NA"]
[PlyCount "81"]
[EventDate "2018.07.22"]
[EventType "tourn"]
[EventCountry "FRA"]
[SourceTitle "playchess.com"]
[Source "ChessBase"]
[SourceQuality "1"]
[TimeControl "5400+30"]

1. e4 a6 2. d4 e6 3. Nf3 b5 4. Bd3 Bb7 5. Qe2 Nf6 6. Nbd2 d5 7. e5 Nfd7 8. O-O c5 9. c3 Nc6 10. Re1 h6 11. Nf1 c4 12. Bc2 Qc7 13. h4 Be7 14. h5 O-O-O 15. Ne3 Rdf8 16. Bd2 Rhg8 17. b3 Nb6 18. a4 f5 19. axb5 axb5 20. bxc4 bxc4 21. g3 g6 22. hxg6 Rxg6 23. Ng2 Kd7 24. Nfh4 Rgg8 25. Bxh6 Bg5 26. Bxf8 Rxf8 27. f4 Bd8 28. Qh5 Kc8 29. Kf2 Qg7 30. Qg6 Qxg6 31. Nxg6 Rg8 32. N6h4 Nd7 33. Nxf5 exf5 34. Bxf5 Ba5 35. Ra3 Bb6 36. Ne3 Na5 37. Be6 Rh8 38. Kg2 Nb3 39. Bxd5 Bxd5+ 40. Nxd5 Ba5 41. Ra4 1-0

[Event "4th EFE Metz Festival-WIM"]
[Site "Metz"]
[Date "2018.07.25"]
[Round "4"]
[White "Moskalets, Svetlana"]
[Black "Zozulia, Anna"]
[Result "1/2-1/2"]
[ECO "B04"]
[WhiteElo "2208"]
[BlackElo "2300"]
[Annotator "NA"]
[PlyCount "42"]
[EventDate "2018.07.22"]
[EventType "tourn"]
[EventCountry "FRA"]
[SourceTitle "playchess.com"]
[Source "ChessBase"]
[SourceQuality "1"]
[TimeControl "5400+30"]

1. e4 Nf6 2. e5 Nd5 3. d4 d6 4. Nf3 g6 5. exd6 cxd6 6. Bc4 Nb6 7. Bb3 Bg7 8. O-O Nc6 9. c3 O-O 10. Bg5 Qc7 11. Qd2 Bf5 12. Bh6 Rfd8 13. Bxg7 Kxg7 14. Qe3 Na5 15. Nbd2 Nxb3 16. axb3 Nd5 17. Qe2 Nf4 18. Qe3 Nd5 19. Qe2 Nf4 20. Qe3 Nd5 21. Qe2 Nf4 1/2-1/2

[Event "4th EFE Metz Festival-WIM"]
[Site "Metz"]
[Date "2018.07.25"]
[Round "4"]
[White "Muetsch, Annmarie"]
[Black "Broly, Mathilde"]
[Result "1-0"]
[ECO "C54"]
[WhiteElo "2146"]
[BlackElo "2149"]
[Annotator "NA"]
[PlyCount "113"]
[EventDate "2018.07.22"]
[EventType "tourn"]
[EventCountry "FRA"]
[SourceTitle "playchess.com"]
[Source "ChessBase"]
[SourceQuality "1"]
[TimeControl "5400+30"]

1. e4 e5 2. Nf3 Nc6 3. Bc4 Bc5 4. c3 Nf6 5. d3 O-O 6. a4 d5 7. exd5 Nxd5 8. a5 Nf4 9. O-O Qf6 10. Be3 Bd6 11. Nbd2 Bf5 12. Bxf4 exf4 13. a6 Bc8 14. Bd5 Nd8 15. axb7 Bxb7 16. Bxb7 Nxb7 17. d4 Qf5 18. Qe2 h6 19. Ra6 Rfe8 20. Qc4 Nd8 21. Qa4 Ne6 22. Ra5 Qg6 23. Rxa7 Rxa7 24. Qxe8+ Kh7 25. h4 Qf5 26. b4 g5 27. d5 Ng7 28. Qe4 Kg6 29. hxg5 hxg5 30. Nxg5 Be5 31. Ndf3 Qxe4 32. Nxe4 f6 33. c4 Ra4 34. Rb1 Kf5 35. Nfd2 Ra2 36. Kf1 Ne8 37. Ke2 Nd6 38. Nxd6+ Bxd6 39. c5 Bf8 40. Kd3 Ra8 41. Re1 Kg6 42. Kc4 Ra2 43. Rd1 Kf7 44. Kb3 Ra8 45. Nc4 Rd8 46. d6 cxd6 47. Nxd6+ Ke6 48. Kc4 Ra8 49. Ne4 f5 50. Nc3 Bg7 51. b5 Ra3 52. Nd5 Ra4+ 53. Nb4 Bf8 54. Re1+ Kd7 55. b6 Ra5 56. c6+ Kd8 57. c7+ 1-0

[Event "4th EFE Metz Festival-WIM"]
[Site "Metz"]
[Date "2018.07.25"]
[Round "4"]
[White "Soubirou, Oriane"]
[Black "Thomas, Anysia"]
[Result "0-1"]
[ECO "A00"]
[WhiteElo "2105"]
[BlackElo "2156"]
[Annotator "NA"]
[PlyCount "106"]
[EventDate "2018.07.22"]
[EventType "tourn"]
[EventCountry "FRA"]
[SourceTitle "playchess.com"]
[Source "ChessBase"]
[SourceQuality "1"]
[TimeControl "5400+30"]

1. g4 d5 2. Bg2 Bxg4 3. c4 dxc4 4. Bxb7 Nd7 5. Nc3 Rb8 6. Bd5 e6 7. Bxc4 Rb4 8. d3 Ne5 9. a3 Rb6 10. Qa4+ Qd7 11. Qxd7+ Kxd7 12. Bb5+ c6 13. Ba4 Nf6 14. b4 Nd5 15. Bd2 Nxc3 16. Bxc3 Bd6 17. Bc2 f6 18. h4 h5 19. d4 Nf7 20. f3 Bf5 21. e4 Bh7 22. Ne2 Rbb8 23. Kf2 g5 24. hxg5 Nxg5 25. d5 exd5 26. Bxf6 Rhg8 27. Rxh5 dxe4 28. Ba4 exf3 29. Bxg5 Bg6 30. Rh6 fxe2 31. Kxe2 Rbe8+ 32. Kd2 Re5 33. Be3 Rd5+ 34. Kc1 Rd3 35. Bc2 Rxe3 36. Kd2 Rg3 37. Rxg6 R8xg6 38. Bxg6 Rxg6 39. Kd3 Rg4 40. Kc2 Rg3 41. Rh1 Rxa3 42. Rh7+ Ke6 43. Kb2 Bxb4 44. Rb7 c5 45. Rh7 a5 46. Rh6+ Kd5 47. Rh5+ Kc4 48. Rh4+ Kb5 49. Kc2 a4 50. Kb1 Rd3 51. Ka2 Rd2+ 52. Kb1 a3 53. Rh3 Kc4 0-1

[Event "4th EFE Metz Festival-WIM"]
[Site "Metz"]
[Date "2018.07.25"]
[Round "4"]
[White "Schweitzer, Victoria"]
[Black "Terbe, Julianna"]
[Result "1/2-1/2"]
[ECO "B31"]
[WhiteElo "2097"]
[BlackElo "2238"]
[Annotator "NA"]
[PlyCount "119"]
[EventDate "2018.07.22"]
[EventType "tourn"]
[EventCountry "FRA"]
[SourceTitle "playchess.com"]
[Source "ChessBase"]
[SourceQuality "1"]
[TimeControl "5400+30"]

1. e4 c5 2. Nf3 Nc6 3. Bb5 g6 4. Bxc6 bxc6 5. O-O Bg7 6. Re1 Nf6 7. e5 Nd5 8. c4 Nc7 9. d4 cxd4 10. Qxd4 Ne6 11. Qh4 d6 12. Rd1 Qb6 13. exd6 Bf6 14. Qe4 O-O 15. dxe7 Bxe7 16. Nc3 Bf6 17. Qe2 Ba6 18. Be3 Qb4 19. Ne4 Bg7 20. Rac1 Qxb2 21. Rc2 Qb4 22. h4 Rfd8 23. Rdc1 c5 24. Nfg5 Nd4 25. Bxd4 cxd4 26. a3 Qxa3 27. Qd2 Qe7 28. Re1 Rac8 29. Nxh7 Qxh4 30. Nhg5 Bb7 31. g3 Qg4 32. f3 Qf5 33. Qh2 Bxe4 34. Qh7+ Kf8 35. Nxe4 d3 36. Rf2 Rxc4 37. Qh4 Rcd4 38. g4 Qf4 39. Nd2 Bf6 40. Qh7 Qg3+ 41. Kf1 Qh4 42. Rh2 Qxh7 43. Rxh7 a5 44. Ne4 d2 45. Rd1 Rxe4 46. fxe4 a4 47. Rh2 Bc3 48. Ke2 a3 49. Rh3 Bb2 50. Rb3 Bc1 51. Rb7 Ke8 52. Rf1 Bb2 53. Ra7 Rd7 54. Rxd7 Kxd7 55. Rxf7+ Ke6 56. Ra7 Bc1 57. Ra5 Kf6 58. Kd1 Ke6 59. Kc2 Kf6 60. Kd1 {[%emt 0:00:57] Ke5} 1/2-1/2

[Event "4th EFE Metz Festival-WIM"]
[Site "Metz"]
[Date "2018.07.25"]
[Round "4"]
[White "Schweitzer, Victoria"]
[Black "Gatineau, Yovann"]
[Result "*"]
[ECO "B31"]
[WhiteElo "2097"]
[BlackElo "2373"]
[Annotator "NA"]
[PlyCount "36"]
[EventDate "2018.07.22"]
[EventType "tourn"]
[EventCountry "FRA"]
[SourceTitle "playchess.com"]
[Source "ChessBase"]
[SourceQuality "1"]
[TimeControl "5400+30"]

1. e4 c5 2. Nf3 Nc6 3. Bb5 g6 4. Bxc6 bxc6 5. O-O Bg7 6. Re1 Nf6 7. e5 Nd5 8. c4 Nc7 9. d4 cxd4 10. Qxd4 Ne6 11. Qh4 d6 12. Rd1 Qb6 13. exd6 Bf6 14. Qe4 O-O 15. dxe7 Bxe7 16. Nc3 Bf6 17. Qe2 Ba6 18. Be3 Qb4 *

[Event "4th EFE Metz Festival-WIM"]
[Site "Metz"]
[Date "2018.07.25"]
[Round "4"]
[White "Afraoui, Anaelle"]
[Black "Terbe, Zsuzsanna"]
[Result "1/2-1/2"]
[ECO "C45"]
[WhiteElo "2056"]
[BlackElo "2178"]
[Annotator "NA"]
[PlyCount "62"]
[EventDate "2018.07.22"]
[EventType "tourn"]
[EventCountry "FRA"]
[SourceTitle "playchess.com"]
[Source "ChessBase"]
[SourceQuality "1"]
[TimeControl "5400+30"]

1. e4 e5 2. Nf3 Nc6 3. d4 exd4 4. Nxd4 Nf6 5. Nxc6 bxc6 6. e5 Qe7 7. Qe2 Nd5 8. c4 Nb6 9. Nc3 Qe6 10. Qe4 g6 11. f4 d5 12. exd6 cxd6 13. Be2 Bg7 14. Bd2 O-O 15. Qxe6 Bxe6 16. b3 d5 17. cxd5 cxd5 18. Rc1 Bf5 19. O-O Rfe8 20. Bf3 Rad8 21. Rfe1 Bf6 22. Nb5 Rxe1+ 23. Rxe1 Bd3 24. Nc3 h5 25. a4 d4 26. Ne4 Bg7 27. Nc5 Bc2 28. a5 Nd5 29. Nb7 Rd7 30. Nc5 Rd8 31. Nb7 Rd7 1/2-1/2